 Dungeon Crawl Stone Soup version 0.23-a0-175-g97aacdb306 (webtiles) character file.

27 Holzbalken the Cudgeler (level 2, 0/22 HPs)
             Began as a Demonspawn Gladiator on Sept 16, 2018.
             Slain by a goblin
             ... wielding a +0 dagger
             ... led by Robin
              (2 damage)
             ... on level 2 of the Dungeon.
             The game lasted 00:01:54 (776 turns).

Holzbalken the Cudgeler (Demonspawn Gladiator)       Turns: 776, Time: 00:01:55

Health: 0/22       AC:  4    Str: 14    XL:     2   Next: 93%
Magic:  2/2        EV: 12    Int:  9    God:
Gold:   35         SH:  0    Dex: 14    Spells: 1/1 levels left

rFire    . . .     SeeInvis .   a - +0 flail
rCold    . . .     Gourm    .   (no shield)
rNeg     . . .     Faith    .   b - +0 leather armour
rPois    .         Spirit   .   c - +0 helmet
rElec    .         Reflect  .   (no cloak)
rCorr    .         Harm     .   (no gloves)
MR       .....                  (no boots)
Stlth    +.........             (no amulet)
HPRegen  0.07/turn              (no ring)
MPRegen  0.08/turn              (no ring)

@: no status effects
A: powered by death 1
a: no special abilities


You were on level 2 of the Dungeon.
You were not hungry.

You visited 1 branch of the dungeon, and saw 2 of its levels.

You collected 35 gold pieces.

Inventory:

Hand Weapons
 a - a +0 flail (weapon)
Missiles
 d - a throwing net (quivered)
 g - 7 tomahawks
Armour
 b - a +0 leather armour (worn)
 c - a +0 helmet (worn)
Scrolls
 e - 2 scrolls of teleportation {unknown}
 i - 2 scrolls of immolation {unknown}
Comestibles
 f - 3 rations


   Skills:
 - Level 2.0 Fighting
 + Level 3.8 Maces & Flails
 - Level 1.7 Throwing
 - Level 2.6 Dodging


You had one spell level left.
You didn't know any spells.
Your spell library was empty.

Dungeon Overview and Level Annotations

Branches:
Dungeon (2/15)

Altars:


Innate Abilities, Weirdness & Mutations

You regenerate a little health from kills.


Message History

You barely miss the goblin.
The goblin is moderately wounded.
The goblin barely misses you.
The goblin hits you but does no damage. x2
You barely miss the goblin.
The goblin is moderately wounded.
The goblin barely misses you. The goblin closely misses you.
You hit the goblin.
You kill the goblin!
The goblin hits you with a dagger.
* * * LOW HITPOINT WARNING * * *
Items here: ! ( ))))) [[ † You hit the goblin.
The goblin is moderately wounded.
The goblin hits you but does no damage. The dart slug launches a dart at you.
The slug dart misses you.
You barely miss the goblin.
The goblin is moderately wounded.
The goblin hits you with a dagger.
You die...

.. .# .. .# ##.##
.# ....#.#
#.#.#.######
####.#w#..g.ggg
........###
###########......#
#......# #.#..#@#
#.####.# # #..#g#
#.# #.######..#g#
#.# #...........#
#.# #########.###
#.# ### ..# ###


You could see a dart slug and 2 goblins.

Vanquished Creatures
  Robin (D:2)
  A dart slug (D:1)
  A bat (D:1)
  4 goblins
  2 hobgoblins
  2 frilled lizards (D:1)
  3 kobolds
  A rat (D:2)
15 creatures vanquished.

Notes
Turn   | Place    | Note
-------+----------+-------------------------------------------
     0 | D:1      | Holzbalken the Demonspawn Gladiator began the quest for the
                  | Orb.
     0 | D:1      | Reached XP level 1. HP: 16/16 MP: 1/1
    96 | D:1      | Reached skill level 3 in Maces & Flails
   578 | D:1      | Gained mutation: You regenerate a little health from kills.
                  | [demonic ancestry]
   578 | D:1      | Reached XP level 2. HP: 22/22 MP: 2/2
   745 | D:2      | Noticed Robin
   762 | D:2      | Killed Robin
   773 | D:2      | HP: 1/22 [goblin/dagger[Robin] (3)]
   776 | D:2      | Slain by a goblin

Vault maps used:
D:1:      minmay_arrival_widening_spiral_wide, minmay_misc_feat_five
D:2:      lemuel_round_altar, first_ration, uniq_natasha, uniq_robin

Skill      XL: |  1 |
---------------+----+-----
Maces & Flails | 3 |  3.8
Fighting       | |  2.0
Throwing       | |  1.7
Dodging        | |  2.6

Action                   || total
-------------------------++-------
Melee: Flail             ||    47
Throw: Throwing net      ||     5
       Tomahawk          ||     4
Armor: Leather armour    ||    19
Dodge: Dodged            ||    34

Table legend:
 A = Non-vault XP
 B = Vault XP
 C = Vault XP percentage of total XP
 D = Non-vault monster count
 E = Vault monster count
 F = Vault count percentage of total count
                 A         B        C        D         E       F
            +---------+---------+-------+---------+---------+-------
      Total |      18 |      21 |  53.8 |      11 |       4 |  26.7
            +---------+---------+-------+---------+---------+-------
        D:1 |      16 |       0 |   0.0 |       9 |       0 |   0.0
        D:2 |       2 |      21 |  91.3 |       2 |       4 |  66.7
            +---------+---------+-------+---------+---------+-------
